 Dungeon Crawl Stone Soup version 0.22-a0-858-g985ef60 (webtiles) character file.

193626 Kuinu the Warrior (level 17, -3/172 HPs)
             Began as a Minotaur Fighter on July 27, 2018.
             Was an Elder of Trog.
             Slain by a harpy (11 damage)
             ... on level 2 of the Shoals.
             The game lasted 02:07:17 (42032 turns).

Kuinu the Warrior (Minotaur Fighter)               Turns: 42032, Time: 02:07:18

Health: -3/172     AC: 27    Str: 30    XL:     17   Next: 65%
Magic:  16/16      EV:  9    Int:  2    God:    Trog [****..]
Gold:   1661       SH:  2    Dex: 13    Spells: 16/16 levels left

rFire    + + +     SeeInvis .   u - +9 triple sword (protect)
rCold    + + .     Gourm    .   (shield currently unavailable)
rNeg     + + .     Faith    .   c - +4 plate armour {rF+}
rPois    +         Spirit   .   j - +2 hat
rElec    +         Reflect  +   N - scarf {repulsion}
rCorr    +         Harm     .   z - +1 pair of gloves {Str+3}
MR       +++..                  q - +0 pair of boots "Sunyats" {rF++ rN+}
Stlth    ..........             D - amulet of Kesmirph {Reflect +Fly rF+ rN+ Int-3 SH+2}
HPRegen  1.38/turn              R - ring of Hedonism {rPois rF+}
MPRegen  0.15/turn              I - ring of Akhixt {rC+ Dex+2}

@: lethally poisoned (-3 -> -3), resistant, flying, very slightly contaminated,
regenerating, invisible, repel missiles
A: retaliatory headbutt, horns 2, sturdy frame 1
}: 1/15 runes: serpentine
a: Berserk, Trog's Hand, Brothers in Arms, Renounce Religion, Stop Flying


You were on level 2 of the Shoals.
You worshipped Trog.
Trog was greatly pleased with you.
You were full.

You visited 6 branches of the dungeon, and saw 30 of its levels.
You visited 1 bazaar.
You also visited: Ice Cave.

You collected 3121 gold pieces.
You spent 1460 gold pieces at shops.

Inventory:

Hand Weapons
 g - the +6 halberd of Tartarus {freeze, MR+ SInv}
   (You found it on level 5 of the Lair of Beasts)

   It has been specially enchanted to freeze those struck by it, causing extra
   injury to most foes and up to half again as much damage against particularly
   susceptible opponents.
   It can also slow down cold-blooded creatures.
   It affects your resistance to hostile enchantments.
   It lets you see invisible.
 u - a +9 triple sword of protection (weapon)
 L - a +2 scimitar of flaming
 Z - a +3 antimagic double sword
Armour
 c - a +4 plate armour of fire resistance (worn)
 j - a +2 hat (worn)
 q - the +0 pair of boots "Sunyats" (worn) {rF++ rN+}
   (You found it in an ice cave)

   It greatly protects you from fire.
   It protects you from negative energy.
 s - a +1 cloak
 z - a +1 pair of gloves of strength (worn)
 H - a +2 shield
 N - a scarf of repulsion (worn)
Jewellery
 d - a +2 amulet of reflection
 o - an uncursed ring of see invisible
 y - an uncursed ring of resist corrosion
 D - the amulet of Kesmirph (around neck) {Reflect +Fly rF+ rN+ Int-3 SH+2}
   (You bought it in a shop on level 2 of the Snake Pit)

   [amulet of reflection]

   It shields you and reflects attacks.
   It affects your intelligence (-3).
   It protects you from fire.
   It protects you from negative energy.
   It lets you fly.
   It affects your SH (+2).
 I - the ring of Akhixt (right hand) {rC+ Dex+2}
   (You found it on level 8 of the Dungeon)

   [ring of protection from cold]

   It affects your dexterity (+2).
   It protects you from cold.
 R - the ring of Hedonism (left hand) {rPois rF+}
   (You found it on level 6 of the Lair of Beasts)

   [ring of protection from fire]

   It protects you from fire.
   It protects you from poison.
 W - an uncursed ring of protection from cold
Wands
 b - a wand of acid (11)
 k - a wand of digging (16)
 r - a wand of paralysis (35)
 w - a wand of enslavement (46)
 A - a wand of iceblast (41)
 E - a wand of flame (62)
 K - a wand of scattershot (5)
 X - a wand of polymorph (63)
 Y - a wand of random effects (45)
Scrolls
 a - a scroll of holy word
 e - 5 scrolls of immolation
 m - 6 scrolls of enchant weapon
 n - 4 scrolls of fear
 t - 11 scrolls of remove curse
 B - a scroll of summoning
 C - 11 scrolls of teleportation
 F - 4 scrolls of fog
 J - a scroll of vulnerability
 M - 3 scrolls of magic mapping
Potions
 h - 3 potions of magic
 i - 3 potions of ambrosia
 l - 4 potions of berserk rage
 p - 3 potions of cancellation
 v - 10 potions of brilliance
 x - 4 potions of mutation
 G - 7 potions of flight
 O - a potion of invisibility
 P - 3 potions of might
 Q - 6 potions of lignification
 T - a potion of resistance
Comestibles
 f - 25 rations


   Skills:
 * Level 20.9 Fighting
 * Level 20.8 Long Blades
 + Level 15.7 Armour
 + Level 15.6 Shields


You had 16 spell levels left.
You didn't know any spells.
Your spell library was empty.

Dungeon Overview and Level Annotations

Branches:
Dungeon (15/15)            Temple (1/1) D:5            Lair (6/6) D:8
 Shoals (2/4) Lair:4        Snake (4/4) Lair:3        Slime (0/5) Lair:6
    Orc (2/2) D:11            Elf (0/3) Orc:2        Vaults (0/5) D:14
 Depths (0/5) D:15

Altars:
Ashenzari
Cheibriados
Dithmenos
Fedhas
Gozag
Hepliaklqana
Makhleb
Nemelex Xobeh
Okawaru
Qazlal
Sif Muna
Trog
Uskayaw
Vehumet
Wu Jian
Xom
Yredelemnul
Zin
Beogh

Shops:
D:5 =   D:13 ?   Orc:2 ?(=[   Shoals:2 (   Snake:2 =}=

Annotations:
D:9 3 runed doors, eyesofgods1's ghost, novice TrFi
D:14 3 runed doors, Lochraine's ghost, journeyman GnWn
Lair:2 3 runed doors, Johnny's ghost, journeyman HuEE
Lair:5 exclusion: 4 oklob plants
Shoals:1 2 runed doors, Todyroat's ghost, journeyman SpVM
Snake:1 1 runed door, Fythry's ghost, journeyman TrFi


Innate Abilities, Weirdness & Mutations

You reflexively headbutt those who attack you in melee.
You have a pair of horns on your head.
Your movements are slightly less encumbered by armour. (ER -2)


Message History

* * * LOW HITPOINT WARNING * * *
Okay, then.
As you read the scroll of fear, it crumbles to dust.
You assume a fearsome visage.
The harpy looks frightened!
You fade into invisibility!
You feel sick. The harpy claws you but does no damage. The harpy claws you!
* * * LOW HITPOINT WARNING * * *
You are very lightly contaminated with residual magic.
The harpy screeches!
The harpy claws you but does no damage. x2
You feel sick.
The harpy screeches!
The harpy barely misses you. The harpy claws you but does no damage.
The harpy screeches!
You feel sick. The harpy claws you but does no damage.
The harpy barely misses you.
Found a ration.
The harpy screeches!
You feel sick. The harpy claws you!
You die...

≈≈≈ ≈≈≈≈≈≈≈≈≈≈≈≈≈ .≈≈≈
≈≈≈≈≈≈≈≈≈≈≈≈≈≈≈≈≈≈≈≈≈≈≈≈ ....
≈≈≈≈≈≈≈≈≈≈≈≈≈≈≈≈≈≈≈≈≈≈≈≈ ....
≈≈≈≈≈≈≈≈≈≈≈≈≈≈≈≈≈≈≈≈≈≈≈≈ ≈.##.
...≈≈≈≈≈≈≈≈≈≈≈≈≈≈≈≈≈≈... ≈....
#.%≈≈≈≈≈≈≈≈≈≈≈≈≈≈≈H≈.##. ≈≈≈≈.
#.≈≈≈≈≈≈≈≈≈≈≈≈≈≈≈≈≈≈.#
≈≈≈≈≈≈≈###.≈≈≈≈≈≈≈≈≈....≈≈≈≈..#
≈≈≈≈.≈≈.≈≈.≈≈≈≈≈@≈≈......H≈..##
.....≈≈≈≈≈≈≈≈≈≈≈≈H≈..###...###
...#.≈≈≈.≈≈≈≈≈...≈≈.## #..##
.###.≈≈≈..≈≈≈≈≈..≈≈.####..## ##
..≈≈≈≈≈≈≈≈≈≈≈≈≈.......≈.#
##..≈≈≈≈≈≈≈≈≈≈≈..≈.....≈≈..#
##.......≈≈≈≈≈≈≈≈≈≈.....≈≈≈≈.#
.....≈...≈≈≈≈≈≈≈≈≈≈....≈≈≈≈≈...
.≈≈≈≈≈≈...≈≈≈≈≈≈≈≈≈.......≈≈≈≈≈≈


You could see a harpy.

Vanquished Creatures
  Jorgrun (Snake:4)
  9 nagarajas
  An orc warlord (Orc:1)
  Josephine (Lair:6)
  An ettin (D:15)
  A fire dragon (D:13)
  A merfolk impaler (Shoals:2)
  Erolcha (D:9)
  7 hydras
  Harold (D:11)
  14 naga warriors
  A catoblepas (D:13)
  A merfolk avatar (Shoals:2)
  14 two-headed ogres
  A merfolk aquamancer (Shoals:2)
  Erica (Orc:1)
  8 anacondas
  3 centaur warriors
  9 death yaks (Lair:6)
  2 ogre magi (Orc:2)
  A tengu warrior (D:15)
  A satyr (Shoals:2)
  13 naga sharpshooters
  A deep troll shaman (Lair:6)
  6 shock serpents
  Urug (D:14)
  A skeletal warrior (D:8)
  3 unseen horrors
  2 salamander mystics
  3 deep trolls
  6 naga ritualists
  6 sea snakes
  9 mana vipers
  2 wolf spider zombies
  A harpy (Shoals:2)
  An orc sorcerer (Orc:2)
  6 cyclopes
  A salamander (shapeshifter) (D:14)
  7 ugly things
  4 manticores
  27 fauns
  5 salamanders
  23 black mambas
  A deep elf mage (D:15)
  7 elephants
  A centaur zombie (D:13)
  25 naga magi
  3 guardian serpents
  3 merfolk sirens (Shoals:2)
  4 gargoyles
  2 freezing wraiths (IceCv)
  2 rime drakes
  3 centaur skeletons
  9 spiny frogs
  3 anaconda simulacra (IceCv)
  2 kobold demonologists
  5 komodo dragons
  6 ice devils (IceCv)
  2 tengu conjurers
  A merfolk (shapeshifter) (D:14)
  13 trolls
  3 polar bears
  4 merfolk (Shoals:2)
  2 wind drakes (Shoals:2)
  2 hornets
  4 hippogriffs
  6 blink frogs
  4 dream sheep (Shoals:2)
  8 slime creatures
  3 snapping turtles (Shoals:1)
  2 dire elephant simulacra (IceCv)
  A spriggan (Lair:2)
  A shadow (D:11)
  3 water elementals
  7 wraiths
  7 basilisks
  47 yaks
  13 humans (D:14)
  2 death yak simulacra (IceCv)
  4 harpy simulacra (IceCv)
  2 iron troll simulacra (IceCv)
  A soldier ant (D:10)
  2 hydra simulacra (IceCv)
  50 nagas
  14 water moccasins
  8 porcupines
  A black bear (shapeshifter) (D:13)
  14 orc warriors
  8 sky beasts
  4 ice beasts
  5 phantoms
  24 ogres
  A hornet zombie (D:12)
  An alligator simulacrum (IceCv)
  2 black bears
  20 wolves
  10 centaurs
  10 crocodiles
  A big kobold (D:8)
  10 bullfrogs
  A wyvern zombie (D:10)
  A scorpion (D:9)
  4 killer bees (D:10)
  3 wights (D:14)
  2 howler monkeys (D:7)
  4 electric eels
  5 crimson imps
  2 bullfrog zombies
  4 hounds
  11 jellies
  16 orc priests
  3 iguanas
  23 orc wizards
  18 worker ants
  2 polar bear simulacra (IceCv)
  2 spriggan simulacra (IceCv)
  2 centaur simulacra (IceCv)
  A hound zombie (D:7)
  2 hound skeletons
  A worker ant zombie (D:10)
  4 gnolls (D:3)
  13 adders
  2 ogre simulacra (IceCv)
  A shadow imp (D:5)
  6 white imps (IceCv)
  9 ufetubi (IceCv)
  11 oozes
  2 adder skeletons (D:4)
  An adder zombie (D:7)
  2 worms
  3 dart slugs
  12 leopard geckos
  66 orcs
  6 ball pythons
  4 giant cockroaches
  9 goblins
  9 hobgoblins
  10 jackals
  15 kobolds
  2 quokkas
  4 bats
  5 frilled lizards
  A quokka skeleton (D:10)
  8 rats
  A spectral orc (D:5)
  A plant (Lair:5)
925 creatures vanquished.

Vanquished Creatures (collateral kills)
  An Ice Fiend (IceCv)
  A nagaraja (Snake:4)
  A catoblepas (Lair:6)
  A naga sharpshooter (Snake:4)
  2 trolls (Orc:2)
  An iron troll simulacrum (IceCv)
  A naga (Snake:4)
  A hydra simulacrum (IceCv)
9 creatures vanquished.

Vanquished Creatures (others)
  Asterion (Snake:3)
  Nessos (D:14)
  3 humans (D:14)
  A water moccasin (Lair:6)
  22 fungi
  19 plants
47 creatures vanquished.

Grand Total: 981 creatures vanquished

Notes
Turn   | Place    | Note
-------+----------+-------------------------------------------
     0 | D:1      | Kuinu the Minotaur Fighter began the quest for the Orb.
     0 | D:1      | Reached XP level 1. HP: 19/19 MP: 0/0
   196 | D:1      | Reached XP level 2. HP: 25/27 MP: 1/1
   915 | D:2      | Reached XP level 3. HP: 29/33 MP: 2/2
  1893 | D:3      | Reached XP level 4. HP: 41/41 MP: 3/3
  2126 | D:3      | Reached skill level 5 in Fighting
  2126 | D:3      | Reached XP level 5. HP: 32/48 MP: 4/4
  2460 | D:3      | Found a shadowy altar of Dithmenos.
  2839 | D:4      | Noticed an ice beast
  2847 | D:4      | Killed an ice beast
  2847 | D:4      | Reached skill level 5 in Long Blades
  2847 | D:4      | Reached XP level 6. HP: 57/57 MP: 5/5
  2899 | D:4      | Reached skill level 5 in Shields
  2928 | D:4      | Reached skill level 5 in Armour
  3085 | D:4      | Noticed a sky beast
  3098 | D:4      | Killed a sky beast
  3098 | D:4      | Reached XP level 7. HP: 54/64 MP: 6/6
  3260 | D:5      | Entered Level 5 of the Dungeon
  3274 | D:5      | Found Hahawko's Jewellery Shop.
  3387 | D:5      | Found a staircase to the Ecumenical Temple.
  3419 | D:5      | Bought a +2 amulet of reflection for 97 gold pieces
  3446 | Temple   | Entered the Ecumenical Temple
  3495 | Temple   | Became a worshipper of Trog the Wrathful
  3589 | D:5      | Reached XP level 8. HP: 43/73 MP: 7/7
  4278 | D:5      | Found a basalt altar of Yredelemnul.
  4494 | D:6      | Found a radiant altar of Vehumet.
  5048 | D:6      | Found an opulent altar of Gozag.
  5503 | D:7      | Noticed a hippogriff
  5524 | D:7      | Killed a hippogriff
  5526 | D:7      | Reached XP level 9. HP: 54/82 MP: 8/8
  5530 | D:7      | Reached * piety under Trog
  6833 | D:7      | Reached skill level 10 in Fighting
  7116 | D:8      | Noticed a kobold demonologist
  7126 | D:8      | Killed a kobold demonologist
  7126 | D:8      | Reached skill level 10 in Long Blades
  7452 | D:8      | Reached ** piety under Trog
  7457 | D:8      | Reached XP level 10. HP: 83/94 MP: 9/9
  7535 | D:8      | Noticed a dagger
  7536 | D:8      | Found a hide-covered altar of Uskayaw.
  7536 | D:8      | Noticed a hand axe
  7678 | D:8      | Found a snail-covered altar of Cheibriados.
  7726 | D:8      | Found a staircase to the Lair.
  8608 | D:8      | Got a scintillating platinum ring
  8609 | D:8      | Identified the ring of Akhixt {rC+ Dex+2} (You found it on level 8 of the Dungeon)
  8688 | D:8      | Noticed a skeletal warrior
  8699 | D:8      | Killed a skeletal warrior
  8787 | D:9      | Found a runed gate.
  8787 | D:9      | Found a runed gate.
  8787 | D:9      | Found a runed gate.
  8969 | D:9      | Noticed a two-headed ogre
  8976 | D:9      | Killed a two-headed ogre
  9093 | D:9      | Noticed Erolcha
  9102 | D:9      | Killed Erolcha
  9121 | D:9      | Noticed eyesofgods1's ghost (novice TrFi)
  9364 | D:10     | Entered Level 10 of the Dungeon
  9622 | D:10     | Reached XP level 11. HP: 64/104 MP: 10/10
  9661 | D:10     | Reached *** piety under Trog
  9746 | D:10     | Noticed a two-headed ogre
  9787 | D:10     | Killed a two-headed ogre
 10149 | D:10     | Killed an unseen horror
 10545 | D:10     | Found a shimmering altar of Xom.
 10545 | D:10     | Found a shimmering altar of Xom.
 10546 | D:10     | Found a shimmering altar of Xom.
 10742 | D:10     | Found a shimmering altar of Xom.
 11208 | D:11     | Noticed a brown ugly thing
 11221 | D:11     | Killed a brown ugly thing
 11548 | D:11     | Found a staircase to the Orcish Mines.
 11548 | D:11     | Noticed Harold
 11563 | D:11     | Killed Harold
 11794 | D:11     | Killed an unseen horror
 11904 | D:11     | Noticed a two-headed ogre
 11910 | D:11     | Killed a two-headed ogre
 11910 | D:11     | Reached skill level 10 in Armour
 11910 | D:11     | Reached skill level 10 in Shields
 12171 | D:12     | Noticed a cyan ugly thing
 12188 | D:12     | Killed a cyan ugly thing
 12930 | D:12     | Reached XP level 12. HP: 115/115 MP: 11/11
 13038 | D:12     | Gained mutation: Your movements are slightly less encumbered by armour. (ER -2) [a neqoxec]
 13250 | D:12     | Reached **** piety under Trog
 13560 | D:12     | Noticed a two-headed ogre
 13580 | D:12     | Killed a two-headed ogre
 13874 | Lair:1   | Entered Level 1 of the Lair of Beasts
 13906 | Lair:1   | Noticed a four-headed hydra
 13924 | Lair:1   | Killed a 13-headed hydra
 14451 | Lair:1   | Noticed an eight-headed hydra
 14460 | Lair:1   | Killed a 12-headed hydra
 15218 | Lair:1   | Noticed an eight-headed hydra
 15228 | Lair:1   | Killed a 12-headed hydra
 15491 | Lair:2   | Found a runed gate.
 15492 | Lair:2   | Found a runed gate.
 15493 | Lair:2   | Found a runed gate.
 15839 | Lair:2   | Reached skill level 15 in Fighting
 15859 | Lair:2   | Reached ***** piety under Trog
 15859 | Lair:2   | Reached XP level 13. HP: 93/126 MP: 12/12
 16159 | Lair:2   | Noticed Johnny's ghost (journeyman HuEE)
 16618 | Lair:3   | Reached skill level 15 in Long Blades
 16878 | Lair:3   | Found a staircase to the Snake Pit.
 17780 | Lair:4   | Found a staircase to the Shoals.
 18684 | Lair:5   | Got an ichor-stained halberd
 19442 | Lair:6   | Entered Level 6 of the Lair of Beasts
 20054 | Lair:6   | Noticed Josephine
 20077 | Lair:6   | Killed Josephine
 20437 | Lair:6   | Received a gift from Trog
 20533 | Lair:6   | Reached XP level 14. HP: 60/138 MP: 13/13
 21201 | Lair:6   | Found a staircase to the Slime Pits.
 21785 | Lair:6   | Got a warped iron ring
 21789 | Lair:6   | Identified the ring of Hedonism {rPois rF+} (You found it on level 6 of the Lair of Beasts)
 22388 | D:13     | Found Cuuniorgh's Magic Scroll Emporium.
 22394 | D:13     | Bought a scroll of enchant weapon for 90 gold pieces
 22394 | D:13     | Bought a scroll of identify for 24 gold pieces
 22394 | D:13     | Bought 3 scrolls of teleportation for 108 gold pieces
 22394 | D:13     | Bought a scroll of identify for 24 gold pieces
 22394 | D:13     | Bought a scroll of teleportation for 36 gold pieces
 22394 | D:13     | Bought a scroll of blinking for 90 gold pieces
 22394 | D:13     | Bought a scroll of identify for 24 gold pieces
 22394 | D:13     | Bought a scroll of magic mapping for 42 gold pieces
 22399 | D:13     | Identified the +6 halberd of Tartarus {freeze, MR+ SInv} (You found it on level 5 of the Lair of Beasts)
 22945 | D:13     | Found a shimmering altar of Xom.
 23384 | D:14     | Found a runed gate.
 23384 | D:14     | Found a runed gate.
 23384 | D:14     | Found a runed gate.
 23389 | D:14     | Noticed Urug
 23394 | D:14     | Received a gift from Trog
 23402 | D:14     | Found a gate to the Vaults.
 23406 | D:14     | Noticed Nessos
 23431 | D:14     | Killed Nessos
 23719 | D:14     | Killed Urug
 24225 | D:14     | Noticed Lochraine's ghost (journeyman GnWn)
 24630 | D:15     | Entered Level 15 of the Dungeon
 25110 | D:15     | Found a staircase to the Depths.
 26041 | Orc:1    | Entered Level 1 of the Orcish Mines
 26079 | Orc:1    | Noticed Erica
 26086 | Orc:1    | Killed Erica
 26086 | Orc:1    | Reached XP level 15. HP: 149/149 MP: 14/14
 26316 | Orc:1    | Noticed an orc warlord
 26335 | Orc:1    | Killed an orc warlord
 26343 | Orc:1    | Received a gift from Trog
 26415 | Orc:1    | Found a roughly hewn altar of Beogh.
 27220 | Orc:2    | Entered Level 2 of the Orcish Mines
 27301 | Orc:2    | Found Jouzuggebe's Jewellery Boutique.
 27319 | Orc:2    | Found Ruaxtuc's Armour Shoppe.
 27320 | Orc:2    | Found a roughly hewn altar of Beogh.
 27367 | Orc:2    | HP: 6/149 [two-headed ogre/giant club (4)]
 27506 | Orc:2    | Found Vuxam's Magic Scroll Shop.
 27515 | Orc:2    | Found Lepigy's Weapon Boutique.
 27545 | Orc:2    | Bought a scroll of identify for 36 gold pieces
 27545 | Orc:2    | Bought a scroll of enchant weapon for 135 gold pieces
 27545 | Orc:2    | Bought a scroll of identify for 36 gold pieces
 27545 | Orc:2    | Bought a scroll of identify for 36 gold pieces
 27545 | Orc:2    | Bought a scroll of teleportation for 54 gold pieces
 27545 | Orc:2    | Bought a scroll of teleportation for 54 gold pieces
 27758 | Orc:2    | Found a flickering gateway to a bazaar.
 27865 | Orc:2    | Found a staircase to the Elven Halls.
 27898 | Orc:2    | Received a gift from Trog
 28396 | Bazaar   | Entered a bazaar
 28428 | Bazaar   | Found Zihuxe's Book Emporium.
 28448 | Bazaar   | Found Tilamoca's Weapon Boutique.
 28460 | Bazaar   | Found Deaso's Antique Armour Shop.
 28474 | Bazaar   | Found Fiydaddy's General Store.
 28490 | Bazaar   | Found Faten's Armour Shoppe.
 28498 | Bazaar   | Bought a +1 hat for 187 gold pieces
 28840 | Snake:1  | Entered Level 1 of the Snake Pit
 30099 | Snake:1  | Found a runed door.
 30099 | Snake:1  | Found a shimmering altar of Xom.
 30099 | Snake:1  | Noticed Fythry's ghost (journeyman TrFi)
 31201 | Snake:2  | Noticed a nagaraja
 31222 | Snake:2  | Killed a nagaraja
 31706 | Snake:2  | Reached XP level 16. HP: 155/160 MP: 15/15
 31951 | Snake:2  | Found Jinenise's Jewellery Shop.
 31951 | Snake:2  | Found Atuvesarph's Gadget Emporium.
 31952 | Snake:2  | Found Aliekhemu's Jewellery Shop.
 32284 | Snake:2  | Bought the amulet of Kesmirph {Reflect +Fly rF+ rN+ Int-3 SH+2} for 387 gold pieces
 33498 | Snake:3  | Noticed Asterion
 33511 | Snake:3  | Killed Asterion
 34958 | Snake:4  | Entered Level 4 of the Snake Pit
 35151 | Snake:4  | Found a frozen archway.
 35155 | IceCv    | Entered an ice cave
 35433 | IceCv    | Received a gift from Trog
 35586 | IceCv    | Noticed an Ice Fiend
 36440 | IceCv    | Killed an Ice Fiend
 36463 | IceCv    | Got a pair of bloodstained boots
 36473 | IceCv    | Got a faintly humming hat
 36486 | IceCv    | Identified the +0 hat of Rationality {Stlth+} (You found it in an ice cave)
 36506 | IceCv    | Identified the +0 pair of boots "Sunyats" {rF++ rN+} (You found it in an ice cave)
 37181 | Snake:4  | Noticed Jorgrun
 38462 | Snake:4  | Reached skill level 15 in Armour
 38473 | Snake:4  | Reached skill level 15 in Shields
 38507 | Snake:4  | Received a gift from Trog
 39109 | Snake:4  | Reached XP level 17. HP: 63/170 MP: 16/16
 39508 | Snake:4  | Got a serpentine rune of Zot
 40099 | Snake:4  | Killed Jorgrun
 40354 | Shoals:1 | Entered Level 1 of the Shoals
 40354 | Shoals:1 | Found a large runed door.
 40354 | Shoals:1 | Found a large runed door.
 40354 | Shoals:1 | Noticed Todyroat's ghost (journeyman SpVM)
 41039 | Shoals:2 | Received a gift from Trog
 41942 | Shoals:2 | Found Uteiff's Weapon Boutique.
 42024 | Shoals:2 | HP: 8/172 [harpy (8)]
 42026 | Shoals:2 | HP: 2/172 [harpy (7)]
 42032 | Shoals:2 | HP: 8/172 [poisoned by a merfolk impaler]
 42032 | Shoals:2 | Slain by a harpy

Vault maps used:
D:1:      evilmike_arrival_run_for_it, serial_glass, glass_columns_b,
          glass_columns_b, hex_tiny, minmay_tetromino_t4
D:2:      first_ration, minivault_19, kennysheep_generic_room_4
D:3:      grunt_dithmenos_smoke
D:4:      serial_park_tiny_1, lemuel_flame_loot_1
D:5:      yredelemnul_forgotten_temple_becter, minmay_temple_entry_mist,
          serial_shops, shop
D:6:      nicolae_gozag_seed_capital, vehumet_altar_wand_db, minivault_23,
          dk_noncrumbling_3, water_maze_lemuel
D:8:      minmay_tri_box, dancing_weapons_uskayaw, lemuel_round_altar,
          david_lair_shrubbed, hangedman_little_slice_of_home
D:9:      ebering_ghost_rock_garden, uniq_erolcha
D:10:     xom_redecorated
D:11:     orc_0_dummy, uniq_harold
D:13:     dragon1_lemuel, basic_altar, serial_shops, shop_scrolls
D:14:     david_vaults_3, gammafunk_ghost_icy,
          hangedman_abyss_or_decor_lesser_grid
D:15:     hangedman_depths_entry_civil_slaughter, hangedman_abyss_or_decor_stabs
Temple:   eino_temple_rhombus
Lair:2:   gammafunk_ghost_necromancy, grunt_forest_stairs_clearing
Lair:3:   minmay_snake_entry_guardpost_small
Lair:4:   elwin_shoals_entry_rooms, grunt_megastairs_2, lemuel_fruit_tree
Lair:5:   st_stairs_4, serial_bayou_shore_b, minmay_lair_oklob_chamber,
          infiniplex_staircase_pool
Lair:6:   grunt_lair_end_beastmaster, nicolae_slime_entry_slimehenge,
          st_stairs_8, grunt_megastairs_1, infiniplex_staircase_pool_2,
          serial_bayou_shore_b, uniq_josephine
Shoals:1: ebering_ghost_disaster_area
Shoals:2: serial_shops, shop_statue
Snake:1:  ebering_ghost_xom, hangedman_snake_corridor_cut
Snake:2:  serial_bayou_shore_a, minmay_shop_grove
Snake:3:  uniq_asterion
Snake:4:  snake_pit, special_room, portal_ice_cave_entry_pillars_four,
          uniq_jorgrun
Orc:1:    minmay_goldmine, basic_altar, lightli_orcish_oven, uniq_erica
Orc:2:    st_orc_open, basic_altar, serial_shops, bzr_entry_islet,
          lab_entry_generic
Bazaar:   bazaar_jpeg_ninerooms_2
IceCv:    ice_cave_caverns_03

Skill      XL: |  1  2  3  4  5  6  7  8  9 10 11 12 13 14 15 16 |
---------------+-------------------------------------------------+-----
Fighting       | 4 5 6 7 8 10 12 13 15 16 17 19 20 | 20.9
Long Blades    | 3 4 5 6 8 10 11 13 14 16 17 18 20 | 20.8
Shields        | 4 5 6 7 9 10 11 12 13 14 15 | 15.6
Armour         | 4 5 6 7 9 10 11 12 13 14 15 | 15.7

Action                   |  1- 3 |  4- 6 |  7- 9 | 10-12 | 13-15 | 16-18 || total
-------------------------+-------+-------+-------+-------+-------+-------++-------
Melee: Long sword        |    95 |   183 |   376 |    80 |       |       ||   734
       Headbutt          |    15 |    26 |    73 |   190 |   336 |   184 ||   824
       Great sword       |       |       |     5 |       |       |       ||     5
       Scimitar          |       |       |       |   575 |   621 |       ||  1196
       Triple sword      |       |       |       |       |   450 |   638 ||  1088
Invok: Berserk           |       |       |       |     7 |    14 |     6 ||    27
       Trog's Hand       |       |       |       |     2 |    13 |    28 ||    43
       Brothers in Arms  |       |       |       |       |     2 |     5 ||     7
 Abil: Evoke Flight      |       |       |       |       |       |     2 ||     2
Evoke: Wand              |       |       |       |     7 |       |       ||     7
  Use: Potion            |       |     1 |     1 |     3 |    14 |     6 ||    25
       Scroll            |       |       |    12 |     4 |    22 |    20 ||    58
 Stab: Petrifying        |       |       |       |       |     2 |       ||     2
       Petrified         |       |       |       |       |     1 |       ||     1
  Eat: Chunk             |     3 |     4 |    15 |    20 |    31 |     8 ||    81
       Ration            |       |       |       |     4 |    11 |    15 ||    30
Armor: Scale mail        |    25 |    36 |       |       |       |       ||    61
       Chain mail        |       |    52 |   158 |   260 |    41 |       ||   511
       Plate armour      |       |       |       |       |   582 |   524 ||  1106
Dodge: Dodged            |    28 |    27 |    76 |   127 |   363 |   301 ||   922
       Deflected         |       |       |       |     2 |    38 |   108 ||   148
Block: Shield            |    52 |    87 |   232 |     1 |       |       ||   372
       Reflection        |       |       |     4 |     6 |     8 |     8 ||    26
       Buckler           |       |       |       |   281 |   241 |       ||   522
       Other             |       |       |       |       |    38 |    53 ||    91
       Rpst.: Long sword |     7 |     7 |    18 |     6 |       |       ||    38
       Great sword       |       |       |     1 |       |       |       ||     1
       Scimitar          |       |       |       |    24 |    41 |       ||    65
       Triple sword      |       |       |       |       |    39 |    44 ||    83

Table legend:
 A = Spawn XP
 B = Non-spawn XP
 C = Spawn XP percentage of total XP
 D = Spawn monster count
 E = Non-spawn monster count
 F = Spawn count percentage of total count
 G = Total turns spent on level
                    A         B        C        D         E        F      G
               +---------+---------+-------+---------+---------+-------+---------
         Total |       0 |  264067 |   0.0 |       0 |     936 |   0.0 | 42032
               +---------+---------+-------+---------+---------+-------+---------
           D:1 |       0 |      38 |   0.0 |       0 |      20 |   0.0 |   912
           D:2 |       0 |      58 |   0.0 |       0 |      21 |   0.0 |   972
           D:3 |       0 |     271 |   0.0 |       0 |      44 |   0.0 |   954
           D:4 |       0 |     522 |   0.0 |       0 |      19 |   0.0 |   422
           D:5 |       0 |     904 |   0.0 |       0 |      28 |   0.0 |   964
           D:6 |       0 |     380 |   0.0 |       0 |      12 |   0.0 |  1019
           D:7 |       0 |    2198 |   0.0 |       0 |      25 |   0.0 |  1723
           D:8 |       0 |    3714 |   0.0 |       0 |      39 |   0.0 |  1843
           D:9 |       0 |    2264 |   0.0 |       0 |       8 |   0.0 |   688
          D:10 |       0 |    3648 |   0.0 |       0 |      31 |   0.0 |  1571
          D:11 |       0 |    5475 |   0.0 |       0 |      22 |   0.0 |  1389
          D:12 |       0 |    6502 |   0.0 |       0 |      22 |   0.0 |  1642
          D:13 |       0 |    5650 |   0.0 |       0 |      25 |   0.0 |  1274
          D:14 |       0 |   14508 |   0.0 |       0 |      46 |   0.0 |  1255
          D:15 |       0 |    9415 |   0.0 |       0 |      19 |   0.0 |  1290
        Lair:1 |       0 |    7236 |   0.0 |       0 |      26 |   0.0 |  1684
        Lair:2 |       0 |    5971 |   0.0 |       0 |      24 |   0.0 |   870
        Lair:3 |       0 |    3277 |   0.0 |       0 |      16 |   0.0 |   950
        Lair:4 |       0 |    2503 |   0.0 |       0 |      13 |   0.0 |  1281
        Lair:5 |       0 |    4084 |   0.0 |       0 |      19 |   0.0 |  1069
        Lair:6 |       0 |   23736 |   0.0 |       0 |      67 |   0.0 |  2450
      Shoals:1 |       0 |    7679 |   0.0 |       0 |      16 |   0.0 |   651
      Shoals:2 |       0 |   20235 |   0.0 |       0 |      41 |   0.0 |  1027
       Snake:1 |       0 |   22011 |   0.0 |       0 |      53 |   0.0 |  2050
       Snake:2 |       0 |   18450 |   0.0 |       0 |      29 |   0.0 |  2099
       Snake:3 |       0 |    9081 |   0.0 |       0 |      17 |   0.0 |  2060
       Snake:4 |       0 |   53994 |   0.0 |       0 |      80 |   0.0 |  3836
         Orc:1 |       0 |    4018 |   0.0 |       0 |      35 |   0.0 |  1217
         Orc:2 |       0 |   18101 |   0.0 |       0 |      69 |   0.0 |  1187
         IceCv |       0 |    8144 |   0.0 |       0 |      50 |   0.0 |  1377
               +---------+---------+-------+---------+---------+-------+---------
